 Dungeon Crawl Stone Soup version 0.29-a0-542-g075992c915 (webtiles) character file.

Game seed: 6865729638702987626

481856 gruber the Cryomancer (level 23, -19/227 HPs)
             Began as a Demonspawn Ice Elementalist on June 3, 2022.
             Was the Champion of Vehumet.
             Demolished by a caustic shrike (25 damage)
             ... on level 4 of the Depths.
             The game lasted 02:08:45 (81668 turns).

gruber the Cryomancer (DsIE)                       Turns: 81668, Time: 02:08:45

Health: -19/227    AC: 10    Str:  8    XL:     23   Next: 72%
Magic:  4/43       EV: 14    Int: 33    God:    Vehumet [******]
Gold:   5608       SH: 12    Dex: 15    Spells: 8/54 levels left

rFire   + + .      SeeInvis .   e - +10 eveningstar "Tiokorr" {spect, rN++}
rCold   . . .      Faith    .   B - +1 kite shield of Good Intentions {Slay+2}
rNeg    + + .      Spirit   .   P - +6 fire dragon scales "Irchogg" {rF++ rC- Slay+2}
rPois   .          Reflect  .   M - +1 helmet {Int+3}
rElec   .          Harm     .   X - scarf {repulsion}
rCorr   .          Rampage  .   (gloves unavailable)
Will    ++...                   x - +1 pair of boots
Stlth   ++........              V - amulet of Azijoke {RegenMP +Blink rF+ Will+ Int-3}
HPRegen 0.47/turn               Y - ring of ice
MPRegen 0.68/turn               n - +6 ring of intelligence

@: corroded, repel missiles, unable to drink
A: ignite blood 3, powered by pain 2, robust 3, sturdy frame 3, demonic touch 3
}: 2/15 runes: decaying, gossamer
a: Renounce Religion, Evoke Blink


You were on level 4 of the Depths.
You worshipped Vehumet.
Vehumet was exalted by your worship.
You visited 9 branches of the dungeon, and saw 45 of its levels.
You also visited: Desolation.

You collected 6008 gold pieces.
You spent 400 gold pieces at shops.

Inventory:

Hand Weapons
 e - the +10 eveningstar "Tiokorr" (weapon) {spect, rN++}
   (You acquired it on level 6 of the Lair of Beasts)

   When its wielder attacks, the weapon's spirit leaps out and strikes again.
   The spirit shares a part of any damage it takes with its wielder.
   rN:        It greatly protects you from negative energy.
 K - the +10 morningstar "Eos" {elec, Halo rElec}
   (You found it on level 3 of the Elven Halls)

   It occasionally discharges a powerful burst of electricity upon striking a
   foe.
   It grants its wielder a halo, increasing accuracy against those within it.
   rElec:     It insulates you from electricity.
Missiles
 q - a throwing net
 W - 5 curare-tipped darts
Armour
 x - a +1 pair of boots (worn)
 B - the +1 kite shield of Good Intentions (worn) {Slay+2}
   (You took it off Asterion on level 3 of the Spider Nest)

   Slay:      It affects your accuracy & damage with ranged weapons and melee
   (+2).
 M - a +1 helmet of intelligence (worn)
 P - the +6 fire dragon scales "Irchogg" (worn) {rF++ rC- Slay+2}
   (You found it in the Desolation of Salt)

   Slay:      It affects your accuracy & damage with ranged weapons and melee
   (+2).
   rF:        It greatly protects you from fire.
   rC:        It makes you vulnerable to cold.
 X - a scarf of repulsion (worn)
Magical Staves
 o - a staff of cold
Jewellery
 h - a ring of protection from fire
 m - a ring of poison resistance
 n - a +6 ring of intelligence (right hand)
 r - a ring of protection from cold
 Q - a ring of willpower
 R - a ring of resist corrosion
 V - the amulet of Azijoke (around neck) {RegenMP +Blink rF+ Will+ Int-3}
   (You found it in the Desolation of Salt)

   [amulet of magic regeneration]

   It increases your rate of magic regeneration.
   Int:       It affects your intelligence (-3).
   rF:        It protects you from fire.
   +Blink:    It lets you blink.
   Will:      It increases your willpower.
 Y - a ring of ice (left hand)
Wands
 g - a wand of flame (3)
 i - a wand of acid (7)
 s - a wand of polymorph (5)
 G - a wand of digging (30)
 J - a wand of paralysis (24)
 L - a wand of iceblast (48)
 Z - a wand of mindburst (17)
Scrolls
 a - 6 scrolls of fear
 k - 14 scrolls of teleportation
 l - a scroll of acquirement
 t - a scroll of enchant weapon
 v - 4 scrolls of silence
 y - 8 scrolls of blinking
 z - a scroll of summoning
 H - 11 scrolls of fog
 N - a scroll of enchant armour
 O - 12 scrolls of magic mapping
Potions
 b - 9 potions of magic
 c - 14 potions of might
 d - 6 potions of ambrosia
 j - 22 potions of curing
 p - 2 potions of cancellation
 u - 10 potions of heal wounds
 A - 7 potions of haste
 C - 5 potions of brilliance
 D - 4 potions of resistance
 E - 4 potions of invisibility
 F - 2 potions of berserk rage
 I - 8 potions of flight
Miscellaneous
 f - a lightning rod (4/4)


   Skills:
 - Level 13.0 Fighting
 - Level 11.0 Maces & Flails
 - Level 18.0 Armour
 - Level 10.3 Dodging
 - Level 1.7 Stealth
 - Level 10.0 Shields
 - Level 16.0 Spellcasting
 * Level 11.4 Conjurations
 - Level 4.1 Necromancy
 - Level 23.0 Ice Magic
 - Level 11.0 Earth Magic


You had 8 spell levels left.
You knew the following spells:

 Your Spells              Type           Power      Damage    Failure   Level
a - Freeze                Ice            100%       1d11      0%          1
b - Frozen Ramparts       Ice            100%       1d12      0%          3
c - Ozocubu's Armour      Ice            100%       N/A       0%          3
d - Hailstorm             Conj/Ice       100%       3d20      1%          4
e - Stone Arrow           Conj/Erth      100%       3d13      1%          3
f - Ozocubu's Refrigerat  Ice            66%        4d18      1%          7
g - Freezing Cloud        Conj/Ice/Air   50%        6-21      1%          5
h - Iron Shot             Conj/Erth      39%        9d8       2%          6
i - Borgnjor's Vile Clut  Necr/Erth      33%        N/A       6%          5
j - Polar Vortex          Ice            66%        N/A       11%         9

Your spell library contained the following spells:

 Spells                   Type           Power      Damage    Failure   Level
 Magic Dart               Conj           100%       1d8       1%          1
 Necrotize                Necr           100%       1d9       1%          1
 Ensorcelled Hibernation  Hex/Ice        100%       N/A       1%          2
 Passwall                 Tmut/Erth      48%        N/A       1%          2
 Searing Ray              Conj           100%       2d8       1%          2
 Static Discharge         Conj/Air       59%        N/A       1%          2
 Sublimation of Blood     Necr           52%        N/A       1%          2
 Mephitic Cloud           Conj/Pois/Air  51%        N/A       1%          3
 Flame Wave               Conj/Fire      59%        2d11      1%          4
 Fulminant Prism          Conj/Hex       29%        3d14      1%          4
 Ice Form                 Ice/Tmut       100%       N/A       1%          4
 Sticky Flame             Conj/Fire      59%        2d7       1%          4
 Lee's Rapid Deconstruct  Erth           39%        3d20*     1%          5
 Poisonous Vapours        Pois/Air       52%        N/A       2%          2
 Scorch                   Fire           52%        2d7       2%          2
 Vampiric Draining        Necr           52%        2d9       2%          3
 Simulacrum               Ice/Necr       54%        N/A       3%          6
 Apportation              Tloc           52%        N/A       4%          1
 Beastly Appendage        Tmut           52%        N/A       4%          1
 Slow                     Hex            100%       N/A       4%          1
 Summon Small Mammal      Summ           100%       N/A       4%          1
 Ignite Poison            Fire/Tmut/Pois 26%        N/A       4%          3
 Animate Armour           Summ/Erth      100%       N/A       4%          4
 Leda's Liquefaction      Hex/Erth       29%        N/A       4%          4
 Call Imp                 Summ           26%        N/A       8%          2
 Wereblood                Tmut           26%        N/A       8%          2
 Animate Dead             Necr           52%        N/A       9%          4
 Dispel Undead            Necr           52%        3d19      9%          4
 Olgreb's Toxic Radiance  Pois           26%        N/A       13%         4
 Call Canine Familiar     Summ           26%        N/A       14%         3
 Confusing Touch          Hex            26%        N/A       14%         3
 Gell's Gravitas          Tloc           26%        N/A       14%         3
 Portal Projectile        Hex/Tloc       52%        N/A       14%         3
 Summon Guardian Golem    Hex/Summ       26%        N/A       14%         3
 Swiftness                Air            26%        N/A       14%         3
 Teleport Other           Tloc           26%        N/A       14%         3
 Tukima's Dance           Hex            26%        N/A       14%         3
 Corpse Rot               Necr/Pois/Air  35%        N/A       28%         4
 Yara's Violent Unravell  Hex/Tmut       13%        3d7       32%         5
 Passage of Golubria      Tloc           26%        N/A       43%         4
 Lehudib's Crystal Spear  Conj/Erth      39%        10d10     58%         8
 Statue Form              Tmut/Erth      38%        N/A       61%         6
 Alistair's Intoxication  Tmut/Pois      17%        N/A       80%         5
 Silence                  Hex/Air        13%        N/A       80%         5
 Death Channel            Necr           26%        N/A       80%         6
 Dispersal                Tloc           13%        N/A       100%        6
 Summon Cactus Giant      Summ           13%        N/A       100%        6
 Enfeeble                 Hex            13%        N/A       100%        7
 Haunt                    Necr/Summ      19%        N/A       100%        7
 Summon Hydra             Summ           13%        N/A       100%        7
 Ignition                 Fire           13%        3d6       100%        8
 Infestation              Necr           26%        N/A       100%        8
 Chain Lightning          Conj/Air       29%        3d39      100%        9
 Fire Storm               Conj/Fire      29%        8d8       100%        9
 Shatter                  Erth           39%        3d31*     100%        9


Dungeon Overview and Level Annotations

Branches:
Dungeon (15/15)            Temple (0/1) D:6            Lair (6/6) D:9
  Swamp (4/4) Lair:3       Spider (4/4) Lair:2        Slime (0/5) Lair:5
    Orc (2/2) D:9             Elf (3/3) Orc:2        Vaults (4/5) D:14
  Crypt (3/3) Vaults:3       Tomb (0/3) Crypt:3      Depths (4/4) D:15
Desolation (visited)
    Zot: Depths:4

Altars:
Ashenzari
Elyvilon
Fedhas
Hepliaklqana
Kikubaaqudgha
Makhleb
Okawaru
Qazlal
Ru
Sif Muna
Uskayaw
Vehumet
Wu Jian
Xom
Yredelemnul
Zin
The Shining One

Shops:
D:1 (   D:3 (   D:4 [   D:6 :   D:13 (   Orc:2 (?=*   Vaults:4 (

Portals:
Hell: Depths:1 Depths:2 Depths:3 Depths:4
Abyss: Depths:2
Pandemonium: Orc:2 Depths:2
Ziggurat: Depths:4

Annotations:
D:2 1 runed translucent door, Crazy Yiuf
D:7 3 runed translucent doors, Turgor's ghost, novice DsGl
Lair:5 2 transporters, gabibbone's ghost, journeyman GnWr
Swamp:1 Roxanne
Elf:1 3 runed translucent doors, Siwul's ghost, veteran DjCj
Vaults:3 3 runed translucent doors, Nizokhlo's ghost, veteran DrCj
Vaults:4 3 runed translucent doors, Ofeuna's ghost, adept DjSu


Innate Abilities, Weirdness & Mutations

Your demonic aura causes all spilled blood to erupt in flames.
You sometimes gain power by taking damage.
You are extremely robust. (+30% HP)
Your movements are significantly less encumbered by armour. (ER -6)
Your touch may irresistibly damage your foes and sap their willpower.


Message History

Unknown command.
Aiming: Iceblast
Press: ? - help, Shift-Dir - straight line, f - caustic shrike
Aim: a caustic shrike (severely wounded)
The mass of ice explodes!
The iceblast engulfs the caustic shrike.
The caustic shrike partially resists.
The caustic shrike is almost dead.
The iceblast engulfs the caustic shrike!
The caustic shrike partially resists.
The caustic shrike is almost dead.
Unknown command.
Unknown command.
You cannot drink potions in your current state!
Aiming: Iceblast
Press: ? - help, Shift-Dir - straight line, f/p - caustic shrike
Aim: a caustic shrike (almost dead)
The mass of ice explodes!
The iceblast engulfs the caustic shrike.
The caustic shrike partially resists.
The caustic shrike is almost dead.
The iceblast engulfs the caustic shrike.
The caustic shrike partially resists.
You kill the caustic shrike!
Vehumet accepts your kill. The caustic shrike claws you!
* * * LOW HITPOINT WARNING * * *
The acid corrodes you!
You are splashed with acid!
* * * LOW HITPOINT WARNING * * *
Unknown command.
Okay, then.
Aiming: Corrosive Bolt
Press: ? - help, Shift-Dir - straight line, f/p - caustic shrike
Aim: a caustic shrike (flame, almost dead, 43% to hit)
The bolt of acid misses the caustic shrike.
The caustic shrike is engulfed in blazing flames.
You block the caustic shrike's attack.
The caustic shrike is engulfed in blazing flames.
The caustic shrike claws you!!
You die...

...≈≈...........≈.)≈.≈≈≈≈≈.[..###
≈≈..(...........≈.....≈≈≈≈......#
...........†.................[..#
.................................
...........................∩.....
.............................#...
.................................
........|......b##............#.#
################@#...........####
###............# #............#
#............#


You could see a caustic shrike.

Vanquished Creatures
  An ancient lich (Depths:1)
  Sojobo (Depths:3)
  Frederick (Crypt:2)
  Margery (Crypt:2)
  2 caustic shrikes (Depths:4)
  A golden dragon (Depths:3)
  A profane servitor (Crypt:3)
  A bone dragon (Crypt:3)
  A tentacled monstrosity (Depths:4)
  Rupert (D:14)
  5 liches
  Jorgrun (Swamp:3)
  2 deep elf blademasters (Elf:3)
  A walking frostbound tome (Depths:4)
  2 deep elf master archers (Elf:3)
  Asterion (Spider:3)
  An ancient champion (Crypt:1)
  Frances (Swamp:1)
  Gastronok (Lair:1)
  2 thorn hunters (Swamp:4)
  3 sphinxes
  4 tengu reavers
  Kirke (D:12)
  Agnes (Spider:2)
  2 storm dragons
  3 fenstrider witches
  A revenant (Vaults:3)
  Donald (Swamp:4)
  4 shadow dragons (Depths:1)
  5 fire giants
  5 frost giants
  7 emperor scorpions
  3 curse skulls
  2 deep elf sorcerers (Elf:3)
  2 imperial myrmidons (Desolation)
  Aizul (Swamp:3)
  7 vault wardens
  4 orc warlords
  2 ghost moths (Spider:4)
  A deep elf elementalist (Elf:3)
  5 broodmothers
  11 ghouls
  A war gargoyle (Desolation)
  7 very ugly things
  11 ironbound preservers
  6 ironbound thunderhulks
  12 stone giants
  7 deep elf demonologists
  4 eleionomae
  3 deep elf annihilators (Elf:3)
  9 vampire knights
  An entropy weaver (Spider:3)
  A halazid warlock (Desolation)
  23 dire elephants
  A lorocyproca (Depths:2)
  3 bunyips (Swamp:4)
  10 eidola (Crypt:3)
  A merfolk impaler (Depths:2)
  4 spark wasps
  7 ettins
  4 crystal guardians
  An acid blob zombie (Crypt:2)
  7 deep elf death magi
  5 jiangshi
  5 ragged hierophants (Desolation)
  A shambling mangrove (Swamp:4)
  A mummy priest (Crypt:3)
  4 fire dragons
  Josephine (Swamp:1)
  12 yaktaur captains
  6 great orbs of eyes
  A spriggan zombie (Crypt:3)
  5 ice dragons
  2 servants of whispers (Desolation)
  3 deep elf high priests
  3 vault guards
  4 jorogumos
  7 rakshasas
  8 peacekeepers
  Fannar (D:12)
  A radroach (Spider:4)
  4 two-headed ogres
  25 hydras
  4 boulder beetles
  A spriggan skeleton (Crypt:1)
  2 ghost crabs
  A hell beast (Depths:3)
  16 alligators
  5 ironbound frosthearts
  A spriggan air mage (Depths:2)
  3 demonspawn (Orc:2)
  A spectral frost giant (Depths:1)
  27 centaur warriors
  3 death knights (Crypt:3)
  An anaconda (Swamp:2)
  Erica (D:9)
  11 death yaks
  3 catoblepae (Lair:6)
  5 tengu warriors (Depths:2)
  7 deep troll earth magi
  22 dancing weapons
  10 vampire magi
  2 deep troll shamans
  2 spriggan berserkers
  23 hell knights
  3 orc high priests (Orc:2)
  4 soul eaters
  9 spriggans
  17 deep elf knights
  Amaemon (D:9)
  A fire crab (shapeshifter) (Elf:2)
  9 sun demons
  6 iron trolls
  7 pharaoh ants
  2 shadow wraiths (Depths:1)
  A sixfirhy (Depths:2)
  A sun moth (Spider:3)
  36 deep trolls
  3 anaconda zombies (Crypt:3)
  10 goliath frogs
  53 skeletal warriors
  A bunyip zombie (Crypt:3)
  16 orb spiders
  A spark wasp zombie (Crypt:1)
  11 steelbarb worms
  4 glowing orange brains
  6 flayed ghosts
  3 bog bodies
  A steelbarb worm (shapeshifter) (D:15)
  6 lindwurms (Vaults:2)
  2 shadow dragon zombies
  6 wizards
  3 spriggan druids
  8 swamp dragons (Swamp:4)
  11 deep elf archers
  17 ironbound convokers
  2 tengu zombies (Depths:1)
  An orange crystal statue (Vaults:2)
  3 necromancers
  21 phantasmal warriors
  20 deep elf zephyrmancers
  11 harpies (Vaults:1)
  10 orc knights
  21 deep elf pyromancers
  27 ugly things
  11 orc sorcerers
  A frost giant zombie (Depths:1)
  3 manticores
  31 wolf spiders
  3 cyclopes
  3 will-o-the-wisps
  Maurice (D:12)
  A salamander (Depths:3)
  2 elephants (Lair:4)
  A dire elephant zombie (Crypt:2)
  3 moths of wrath
  16 vault sentinels
  A fire giant skeleton (Depths:1)
  3 guardian serpents (Desolation)
  5 molten gargoyles
  A gargoyle (D:11)
  4 torpor snails
  9 black mambas
  A smoke demon (Depths:3)
  8 demonic crawlers
  10 cane toads
  12 komodo dragons
  26 yaktaurs
  2 orange demons
  An efreet (D:15)
  A kobold demonologist (D:9)
  2 tengu conjurers (D:13)
  5 freezing wraiths
  2 guardian mummies (Crypt:3)
  3 hellwings (Orc:2)
  7 trolls
  A red devil (Depths:2)
  A sea snake skeleton (Crypt:1)
  A harpy zombie (Crypt:3)
  15 meliai
  3 polar bears
  10 hornets
  24 tarantellas
  11 tyrant leeches
  24 blink frogs
  A tarantella (shapeshifter) (Elf:3)
  18 slime creatures
  43 saltlings
  An ettin zombie (Crypt:3)
  4 dream sheep (Lair:4)
  5 air elementals
  Sigmund (D:2)
  A ynoxinul (Orc:2)
  4 shadows
  23 culicivoras
  35 jumping spiders
  14 water elementals
  A naga simulacrum (Crypt:1)
  A satyr skeleton (Crypt:1)
  12 wraiths
  A vampire (D:11)
  A human (D:12)
  3 basilisks
  4 fire elementals
  68 yaks
  4 fire bats (Depths:3)
  3 wyverns
  A black mamba skeleton (Crypt:1)
  A golden eye (shapeshifter) (D:14)
  A human (shapeshifter) (D:14)
  61 redbacks
  11 vampire mosquitoes
  A hog (D:12)
  Menkaure (D:5)
  4 wargs
  17 swamp worms
  2 acid dragons (D:9)
  A hell hound (Depths:1)
  Duvessa (D:5)
  2 naga zombies (Crypt:3)
  A floating eye (Depths:2)
  16 water moccasins
  2 fire bat skeletons (Crypt:2)
  40 orc warriors
  A sky beast (D:7)
  8 swamp drakes
  2 ice beasts
  2 black bears
  A black mamba simulacrum (Crypt:1)
  20 wolves
  10 boggarts
  An eye of devastation zombie (Crypt:2)
  4 ogres
  8 centaurs
  2 phantoms
  A torpor snail zombie (Crypt:2)
  2 kobold brigands
  14 necrophages
  11 bullfrogs
  2 earth elementals
  2 gnoll sergeants
  A salamander zombie (Crypt:1)
  A water moccasin zombie (Crypt:1)
  3 scorpions
  7 wights
  9 wyvern skeletons (Crypt:3)
  Dowan (D:5)
  12 electric eels
  3 howler monkeys
  A wolf skeleton (Crypt:1)
  3 hounds
  4 jellies
  26 orc priests
  3 iguanas
  A centaur skeleton (Crypt:2)
  Natasha (thrice) (D:2)
  24 orc wizards
  A mummy (Crypt:3)
  5 gnolls
  14 adders
  A steam dragon skeleton (Crypt:1)
  A shadow imp (D:7)
  A white imp (D:6)
  A worm (D:2)
  4 dart slugs
  97 orcs
  A bat skeleton (Crypt:2)
  7 endoplasms
  5 giant cockroaches
  8 hobgoblins
  2 jackals (D:3)
  15 kobolds
  A quokka (D:2)
  7 ball pythons
  6 bats
  A dart slug zombie (Crypt:1)
  A frilled lizard (D:3)
  9 goblins
  A kobold skeleton (Crypt:2)
  8 rats
  109 briar patches (Swamp:4)
  3 bushes
  A withered plant (Crypt:3)
2034 creatures vanquished.

Vanquished Creatures (others)
  A deep elf elementalist (Elf:3)
  2 deep elf knights (Elf:1)
  A deep elf zephyrmancer (Elf:1)
  A bloated husk (Swamp:2)
  A human (D:12)
  5 foxfires
  81 fungi
  132 plants
  8 withered plants (Crypt:3)
232 creatures vanquished.

Grand Total: 2266 creatures vanquished

Notes
Turn   | Place    | Note
-------+----------+-------------------------------------------
     0 | D:1      | gruber the Demonspawn Ice Elementalist began the quest for
                  | the Orb.
     0 | D:1      | Reached XP level 1. HP: 13/13 MP: 3/3
   488 | D:1      | Found a faded altar of an unknown god.
   494 | D:1      | Reached skill level 4 in Ice Magic
   494 | D:1      | Gained mutation: Your movements are slightly less
                  | encumbered by armour. (ER -2) [demonic ancestry]
   494 | D:1      | Reached XP level 2. HP: 19/19 MP: 1/5
  1147 | D:1      | Found Velod's Antique Weapon Shop.
  1912 | D:2      | Reached XP level 3. HP: 24/24 MP: 4/6
  2192 | D:2      | Noticed Natasha
  2198 | D:2      | Killed Natasha
  2340 | D:2      | Learned a level 3 spell: Frozen Ramparts
  2447 | D:2      | Found a runed translucent door.
  2448 | D:2      | Noticed Crazy Yiuf
  2706 | D:2      | Noticed Sigmund
  2828 | D:2      | Gained mutation: Your demonic aura sometimes causes spilled
                  | blood to erupt in flames. [demonic ancestry]
  2828 | D:2      | Reached XP level 4. HP: 29/30 MP: 8/8
  2992 | D:2      | Noticed Natasha
  3002 | D:2      | Killed Natasha
  3147 | D:2      | Noticed Natasha
  3158 | D:2      | Killed Natasha
  3329 | D:3      | Gained mutation: Your touch may inflict minor irresistible
                  | damage on your foes. [demonic ancestry]
  3329 | D:3      | Reached XP level 5. HP: 33/35 MP: 7/10
  3414 | D:3      | You fall into a shaft and drop 1 floor!
  3554 | D:3      | Reached skill level 5 in Ice Magic
  3588 | D:3      | Found Zank's Antique Weapon Emporium.
  4466 | D:4      | Found an ancient bone altar of Kikubaaqudgha.
  4561 | D:4      | Found Gegok's Antique Armour Emporium.
  4625 | D:1      | Bought a brightly glowing short sword for 192 gold pieces
  4625 | D:1      | Identified the +2 short sword "Killer Bee's Death" {spect,
                  | rN+ Str+8 Dex-3} (You bought it in a shop on level 1 of the
                  | Dungeon)
  4869 | D:4      | Noticed an ice beast
  4870 | D:4      | Found a radiant altar of Vehumet.
  4880 | D:4      | Killed an ice beast
  4881 | D:4      | Reached skill level 6 in Ice Magic
  4881 | D:4      | Gained mutation: Your touch may inflict irresistible damage
                  | on your foes. [demonic ancestry]
  4881 | D:4      | Reached XP level 6. HP: 41/41 MP: 12/12
  4886 | D:4      | Became a worshipper of Vehumet
  5004 | D:5      | Entered Level 5 of the Dungeon
  5028 | D:5      | Noticed Duvessa
  5029 | D:5      | Noticed Dowan
  5033 | D:5      | Killed Duvessa
  5042 | D:5      | Killed Dowan
  5043 | D:5      | Gained mutation: Your touch may irresistibly damage your
                  | foes and sap their willpower. [demonic ancestry]
  5043 | D:5      | Reached XP level 7. HP: 37/46 MP: 7/13
  5155 | D:5      | Reached skill level 7 in Ice Magic
  5323 | D:5      | Noticed Menkaure
  5988 | D:5      | Killed Menkaure
  5989 | D:5      | Reached skill level 8 in Ice Magic
  5993 | D:5      | Learned a level 3 spell: Ozocubu's Armour
  5998 | D:5      | Learned a level 4 spell: Hailstorm
  6273 | D:5      | Reached skill level 1 in Armour
  6534 | D:6      | Reached XP level 8. HP: 52/52 MP: 14/14
  6760 | D:6      | Reached * piety under Vehumet
  6760 | D:6      | Offered knowledge of Foxfire by Vehumet.
  6803 | D:6      | Found Tufeg's Book Emporium.
  7079 | D:6      | Found a sacrificial altar of Ru.
  7466 | D:6      | Found a staircase to the Ecumenical Temple.
  7646 | D:2      | Killed Sigmund
  7742 | D:7      | Found a hide-covered altar of Uskayaw.
  7746 | D:7      | Found a hazy altar of Hepliaklqana.
  7746 | D:7      | Found an iron altar of Okawaru.
  7755 | D:7      | Found a broken altar of Ashenzari.
  7975 | D:7      | Reached skill level 1 in Conjurations
  7975 | D:7      | Gained mutation: Your demonic aura often causes spilled
                  | blood to erupt in flames. [demonic ancestry]
  7975 | D:7      | Reached XP level 9. HP: 61/63 MP: 11/15
  8304 | D:7      | Found a runed translucent gate.
  8305 | D:7      | Found a runed translucent gate.
  8305 | D:7      | Found a runed translucent gate.
  8306 | D:7      | Noticed a spectral unseen horror
  8308 | D:7      | Noticed Turgor's ghost (novice DsGl)
  8518 | D:7      | Found a stormy altar of Qazlal.
  8518 | D:7      | Found an ornate altar of the Wu Jian Council.
  8613 | D:8      | Reached skill level 5 in Conjurations
  8810 | D:8      | Offered knowledge of Magic Dart by Vehumet.
  8842 | D:8      | Reached ** piety under Vehumet
  9181 | D:8      | Noticed a two-headed ogre
  9187 | D:8      | Killed a two-headed ogre
  9188 | D:8      | Reached skill level 9 in Ice Magic
  9333 | D:9      | Gained mutation: You sometimes gain a little power by
                  | taking damage. [demonic ancestry]
  9333 | D:9      | Reached XP level 10. HP: 70/70 MP: 12/16
  9408 | D:9      | Reached skill level 10 in Ice Magic
  9678 | D:9      | Found a staircase to the Lair.
  9694 | D:9      | Offered knowledge of Poisonous Vapours by Vehumet.
  9905 | D:9      | Found a staircase to the Orcish Mines.
  9999 | D:9      | Reached *** piety under Vehumet
 10000 | D:9      | Reached skill level 11 in Ice Magic
 10050 | D:9      | Noticed an orange demon
 10050 | D:9      | Noticed Amaemon
 10081 | D:9      | Killed an orange demon
 10251 | D:9      | Reached skill level 5 in Spellcasting
 10677 | D:9      | Offered knowledge of Stone Arrow by Vehumet.
 10710 | D:9      | Learned a level 3 spell: Stone Arrow
 10983 | D:9      | Killed Amaemon
 11262 | D:9      | Noticed Erica
 11268 | D:9      | Killed Erica
 11269 | D:9      | Reached XP level 11. HP: 50/75 MP: 11/22
 11279 | D:9      | Learned a level 7 spell: Ozocubu's Refrigeration
 11481 | D:10     | Entered Level 10 of the Dungeon
 11829 | D:10     | Found a burning altar of Makhleb.
 11872 | D:10     | Found a shimmering blue altar of Sif Muna.
 12645 | D:11     | Reached **** piety under Vehumet
 12661 | D:11     | Reached skill level 12 in Ice Magic
 12796 | D:11     | Noticed a five-headed hydra
 12802 | D:11     | Killed a five-headed hydra
 12812 | D:11     | Noticed a two-headed ogre
 12859 | D:11     | Killed a two-headed ogre
 13524 | D:11     | Noticed a centaur warrior
 13530 | D:11     | Killed a centaur warrior
 13531 | D:11     | Reached skill level 13 in Ice Magic
 13811 | D:12     | Offered knowledge of Iskenderun's Battlesphere by Vehumet.
 14221 | Lair:1   | Entered Level 1 of the Lair of Beasts
 14221 | Lair:1   | Noticed Gastronok
 14312 | D:12     | Noticed Fannar
 14416 | D:12     | Noticed a four-headed hydra
 14422 | D:12     | Killed a four-headed hydra
 14831 | D:12     | Noticed Maurice
 14851 | D:12     | Noticed Kirke
 14857 | D:12     | Noticed a lindwurm
 14982 | D:12     | Killed Fannar
 15098 | D:12     | Noticed a boulder beetle
 15099 | D:12     | Noticed a two-headed ogre
 15103 | D:12     | Reached skill level 14 in Ice Magic
 15229 | D:12     | Killed Maurice
 15230 | D:12     | Gained mutation: Your movements are less encumbered by
                  | armour. (ER -4) [demonic ancestry]
 15230 | D:12     | Reached XP level 12. HP: 81/81 MP: 10/23
 15584 | Orc:1    | Entered Level 1 of the Orcish Mines
 15633 | Orc:1    | Noticed a two-headed ogre
 15638 | Orc:1    | Killed a two-headed ogre
 16245 | Orc:2    | Entered Level 2 of the Orcish Mines
 16316 | Orc:2    | Reached skill level 15 in Ice Magic
 16473 | Orc:2    | Found a staircase to the Elven Halls.
 16534 | Orc:2    | Reached ***** piety under Vehumet
 16534 | Orc:2    | Offered knowledge of Fulminant Prism by Vehumet.
 16772 | Orc:2    | Noticed an orc warlord
 16776 | Orc:2    | Killed an orc warlord
 16935 | Orc:2    | Found Solubb's General Store.
 17068 | Orc:2    | Found Qecoyryi's Magic Scroll Shoppe.
 17075 | Orc:2    | Reached skill level 16 in Ice Magic
 17266 | Orc:2    | Noticed an orc high priest
 17431 | Orc:2    | Killed an orc high priest
 17758 | Orc:2    | Noticed a two-headed ogre
 17761 | Orc:2    | Killed a two-headed ogre
 17878 | Orc:2    | Reached XP level 13. HP: 86/86 MP: 19/24
 17938 | Orc:2    | Reached skill level 17 in Ice Magic
 17960 | Orc:2    | Offered knowledge of Freezing Cloud by Vehumet.
 18329 | Orc:2    | Found Ofoy's Jewellery Boutique.
 18329 | Orc:2    | Found Onwohiol's Antique Weapon Shop.
 18398 | Orc:2    | Found a one-way gate leading to the halls of Pandemonium.
 18879 | D:13     | Found Yttuqoe's Antique Weapon Shop.
 18890 | D:13     | Reached skill level 18 in Ice Magic
 18982 | D:12     | Killed Kirke
 19806 | D:12     | Learned a level 5 spell: Freezing Cloud
 21390 | D:13     | Bought a slimy falchion for 208 gold pieces
 21390 | D:13     | Identified the +6 falchion of Defiance {antimagic, rF+
                  | Will+} (You bought it in a shop on level 13 of the Dungeon)
 21649 | D:13     | Gained mutation: You sometimes gain power by taking damage.
                  | [demonic ancestry]
 21649 | D:13     | Reached XP level 14. HP: 88/93 MP: 7/27
 22277 | D:14     | Reached skill level 5 in Fighting
 22934 | D:14     | Noticed Rupert
 23003 | D:14     | Found a gate to the Vaults.
 23182 | D:14     | Killed Rupert
 23735 | Lair:1   | Killed Gastronok
 24002 | Lair:1   | Reached skill level 5 in Armour
 25211 | Lair:2   | Found a hole to the Spider Nest.
 26817 | Lair:3   | Offered knowledge of Conjure Ball Lightning by Vehumet.
 27209 | Lair:3   | Found a staircase to the Swamp.
 28195 | Lair:4   | Reached skill level 19 in Ice Magic
 28337 | Lair:4   | Gained mutation: Your demonic aura causes all spilled blood
                  | to erupt in flames. [demonic ancestry]
 28337 | Lair:4   | Reached XP level 15. HP: 110/110 MP: 23/28
 28416 | Lair:4   | Reached skill level 5 in Dodging
 28824 | Lair:4   | You fall into a shaft and drop 1 floor!
 29390 | Lair:5   | Found a transporter.
 29400 | Lair:5   | Found a staircase to the Slime Pits.
 29522 | Lair:5   | Found a transporter.
 29633 | Lair:5   | Noticed gabibbone's ghost (journeyman GnWr)
 30212 | Lair:5   | Offered knowledge of Lee's Rapid Deconstruction by Vehumet.
 30365 | Lair:6   | Entered Level 6 of the Lair of Beasts
 31236 | Lair:6   | Reached skill level 10 in Spellcasting
 31346 | Lair:6   | Identified a scroll of acquirement
 31347 | Lair:6   | Acquired the +10 eveningstar "Tiokorr" {spect, rN++}
 31582 | Lair:6   | Reached skill level 1 in Maces & Flails
 32471 | D:15     | Entered Level 15 of the Dungeon
 33603 | D:15     | Found a staircase to the Depths.
 33925 | Swamp:1  | Entered Level 1 of the Swamp
 33928 | Swamp:1  | Reached skill level 5 in Maces & Flails
 33929 | Swamp:1  | Noticed Josephine
 33929 | Swamp:1  | Offered knowledge of Iron Shot by Vehumet.
 33931 | Swamp:1  | Killed Josephine
 34145 | Swamp:1  | Identified Roxanne's Catalogue of Changing
 34145 | Swamp:1  | Noticed Roxanne
 34158 | Swamp:1  | Reached XP level 16. HP: 87/117 MP: 20/30
 34164 | Swamp:1  | Noticed Frances
 34304 | Swamp:1  | Killed Frances
 36440 | Swamp:3  | Noticed Jorgrun
 36453 | Swamp:3  | Killed Jorgrun
 36454 | Swamp:3  | Reached skill level 10 in Maces & Flails
 36534 | Swamp:3  | Noticed Aizul
 36541 | Swamp:3  | Killed Aizul
 37058 | Swamp:3  | Identified the +6 scale mail of Wifiev {rPois}
 37094 | Swamp:3  | Learned a level 6 spell: Iron Shot
 37734 | Swamp:3  | Reached skill level 1 in Earth Magic
 38137 | Swamp:4  | Entered Level 4 of the Swamp
 38639 | Swamp:4  | Noticed a thorn hunter
 39039 | Swamp:4  | Reached skill level 5 in Earth Magic
 39161 | Swamp:4  | Paralysed by a fenstrider witch for 5 turns
 39540 | Swamp:4  | Reached ****** piety under Vehumet
 39541 | Swamp:4  | Gained mutation: Your movements are significantly less
                  | encumbered by armour. (ER -6) [demonic ancestry]
 39541 | Swamp:4  | Reached XP level 17. HP: 92/122 MP: 27/31
 39642 | Swamp:4  | Noticed Donald
 39646 | Swamp:4  | Killed Donald
 40130 | Swamp:4  | Reached skill level 1 in Shields
 40227 | Swamp:4  | Got a decaying rune of Zot
 40543 | Swamp:4  | Identified the +8 lajatang of the Stopping Gods {protect,
                  | Fly}
 41019 | Spider:1 | Entered Level 1 of the Spider Nest
 41151 | Spider:1 | Offered knowledge of Eringya's Noxious Bog by Vehumet.
 41327 | Spider:1 | Reached skill level 5 in Shields
 43023 | Spider:2 | Noticed Agnes
 43027 | Spider:2 | Killed Agnes
 43141 | Spider:2 | Offered knowledge of Starburst by Vehumet.
 44050 | Spider:3 | Identified the +1 kite shield of Good Intentions {Slay+2}
 44050 | Spider:3 | Noticed Asterion
 44481 | Spider:3 | Killed Asterion
 44496 | Spider:3 | Reached skill level 10 in Shields
 44821 | Spider:3 | Gained mutation: You are robust. (+10% HP) [demonic
                  | ancestry]
 44821 | Spider:3 | Reached XP level 18. HP: 117/141 MP: 32/32
 44907 | Spider:3 | Identified the +7 mace "Impbane" {chaos, Fly rF+ Int+4
                  | Dex+2}
 45088 | Spider:3 | Offered knowledge of Shatter by Vehumet.
 45088 | Spider:3 | Offered knowledge of Chain Lightning by Vehumet.
 45088 | Spider:3 | Offered knowledge of Polar Vortex by Vehumet.
 45335 | Spider:4 | Entered Level 4 of the Spider Nest
 45652 | Spider:4 | Learned a level 5 spell: Borgnjor's Vile Clutch
 46676 | Vaults:1 | Entered Level 1 of the Vaults
 46717 | Vaults:1 | Reached skill level 20 in Ice Magic
 48690 | Vaults:1 | Reached XP level 19. HP: 84/149 MP: 26/36
 49385 | Vaults:2 | Reached skill level 10 in Fighting
 52441 | Vaults:3 | Found a runed translucent gate.
 52443 | Vaults:3 | Found a runed translucent gate.
 52443 | Vaults:3 | Found a runed translucent gate.
 52444 | Vaults:3 | Noticed Nizokhlo's ghost (veteran DrCj)
 52457 | Vaults:3 | Reached skill level 10 in Armour
 52642 | Vaults:3 | Found a staircase to the Crypt.
 54287 | Vaults:4 | Found a runed translucent gate.
 54287 | Vaults:4 | Found a runed translucent gate.
 54287 | Vaults:4 | Found a runed translucent gate.
 54287 | Vaults:4 | Found an ancient bone altar of Kikubaaqudgha.
 54287 | Vaults:4 | Noticed an ancient lich
 54287 | Vaults:4 | Noticed a dread lich
 54287 | Vaults:4 | Noticed Ofeuna's ghost (adept DjSu)
 54768 | Vaults:4 | Reached XP level 20. HP: 17/165 MP: 5/38
 55261 | Vaults:4 | Found Nabunye's Antique Weapon Emporium.
 56094 | Vaults:4 | Reached skill level 15 in Spellcasting
 56144 | Vaults:4 | Learned a level 9 spell: Polar Vortex
 58006 | Spider:4 | Got a gossamer rune of Zot
 58526 | Crypt:1  | Entered Level 1 of the Crypt
 58904 | Crypt:1  | Reached skill level 21 in Ice Magic
 60674 | Crypt:2  | Noticed Frederick
 60892 | Crypt:2  | Paralysed by a vampire knight for 3 turns
 61459 | Crypt:2  | Noticed Margery
 61466 | Crypt:2  | Killed Margery
 61467 | Crypt:2  | Reached skill level 22 in Ice Magic
 62060 | Crypt:2  | Found an ancient bone altar of Kikubaaqudgha.
 62393 | Crypt:2  | Killed Frederick
 62538 | Crypt:3  | Entered Level 3 of the Crypt
 62728 | Crypt:3  | Gained mutation: You are very robust. (+20% HP) [demonic
                  | ancestry]
 62728 | Crypt:3  | Reached XP level 21. HP: 153/187 MP: 29/40
 63256 | Crypt:3  | Found a staircase to the Tomb.
 63708 | Crypt:3  | Found a basalt altar of Yredelemnul.
 63744 | Crypt:3  | Reached skill level 10 in Earth Magic
 64690 | Crypt:3  | Found the +13 scythe of Curses {drain, Drain}
 64771 | Crypt:3  | Noticed a profane servitor
 64788 | Crypt:3  | Killed a profane servitor
 65190 | Crypt:3  | Identified the +7 lajatang "Dyco Wist" {speed, Int+2}
 65954 | Crypt:3  | Reached skill level 10 in Dodging
 66678 | Crypt:3  | Identified the ring "Teedeg" {Fire Dex+3}
 66702 | Crypt:3  | Acquired the amulet "Waihoaxt" {Spirit Will++ Int-4 Slay+4
                  | Stlth-}
 67277 | Elf:1    | Entered Level 1 of the Elven Halls
 67312 | Elf:1    | Found a crumbling gateway.
 67429 | Desolati | Entered the Desolation of Salt
 67490 | Desolati | Identified the +2 lajatang of the Sun {venom, rF+}
 68316 | Desolati | Identified the +6 fire dragon scales "Irchogg" {rF++ rC-
                  | Slay+2}
 68863 | Desolati | Identified the amulet "Harghin" {Faith Will+}
 68866 | Desolati | Identified the +5 short sword of Ignis, Glowing {flame,
                  | Will+}
 68902 | Desolati | Identified the +1 robe of the Crafting Gods {rPois rC+
                  | Int-4}
 68914 | Desolati | Identified the amulet of Azijoke {RegenMP +Blink rF+ Will+
                  | Int-3}
 69153 | Elf:1    | Paralysed by an air elemental for 1 turns
 69179 | Elf:1    | Reached skill level 23 in Ice Magic
 69439 | Elf:1    | Found a runed translucent gate.
 69440 | Elf:1    | Found a runed translucent gate.
 69441 | Elf:1    | Found a runed translucent gate.
 69480 | Elf:1    | Noticed Siwul's ghost (veteran DjCj)
 71594 | Elf:2    | Paralysed by an air elemental for 1 turns
 71600 | Elf:2    | Paralysed by an air elemental for 1 turns
 71969 | Elf:2    | Gained mutation: You are extremely robust. (+30% HP)
                  | [demonic ancestry]
 71969 | Elf:2    | Reached XP level 22. HP: 161/211 MP: 36/41
 72083 | Elf:2    | Identified the +10 dagger "Rifotoush" {protect, SInv}
 72090 | Elf:2    | Got Daghefi's Tome of Fiery Execration
 72096 | Elf:2    | Paralysed by an air elemental for 1 turns
 72103 | Elf:2    | Paralysed by an air elemental for 1 turns
 72372 | Elf:2    | Found a runed translucent gate.
 72372 | Elf:2    | Found a runed translucent gate.
 72373 | Elf:2    | Found a runed translucent gate.
 72438 | Elf:2    | Paralysed by an air elemental for 1 turns
 73993 | Elf:3    | Entered Level 3 of the Elven Halls
 74563 | Elf:3    | Identified the +1 plate armour "Qooc" {Rampage}
 75637 | Elf:3    | Identified the +0 plate armour "Fuoleur" {Harm rElec}
 75715 | Elf:3    | Found the +10 morningstar "Eos" {elec, Halo rElec}
 75774 | Elf:3    | Identified the ring "Nixzec" {Wiz MP-9 Dex+7}
 75781 | Elf:3    | Identified the +8 dagger "Oqucrigg" {flame, rC- Str+7}
 75783 | Elf:3    | Got the Volume of Virous Transmigration
 75841 | Elf:3    | Identified the +9 great sword "Quer Egg" {protect, Contam
                  | Will+ Str+5 Stlth+}
 75892 | Elf:3    | Identified the +4 hunting sling of Unorar {flame, Str+4
                  | Stlth+}
 76411 | Depths:1 | Entered Level 1 of the Depths
 76732 | Depths:1 | Reached skill level 15 in Armour
 76826 | Depths:1 | Found a blossoming altar of Fedhas.
 76846 | Depths:1 | Found a gateway to Hell.
 77370 | Depths:1 | Noticed an ancient lich
 77471 | Depths:1 | Killed an ancient lich
 78259 | Depths:1 | Reached XP level 23. HP: 214/214 MP: 39/42
 78421 | Depths:2 | Found a one-way gate to the infinite horrors of the Abyss.
 78531 | Depths:2 | Paralysed by a floating eye for 2 turns
 78535 | Depths:2 | Paralysed by a floating eye for 3 turns
 79134 | Depths:2 | Reached skill level 1 in Necromancy
 80968 | Depths:3 | Noticed Sojobo
 80978 | Depths:3 | Killed Sojobo
 81121 | Depths:3 | Found a shimmering altar of Xom.
 81518 | Depths:4 | Entered Level 4 of the Depths
 81518 | Depths:4 | Found a one-way gateway to a ziggurat.
 81521 | Depths:4 | Reached skill level 10 in Conjurations
 81656 | Depths:4 | Noticed a caustic shrike
 81656 | Depths:4 | Noticed a caustic shrike
 81657 | Depths:4 | Noticed a caustic shrike
 81665 | Depths:4 | Killed a caustic shrike
 81667 | Depths:4 | Killed a caustic shrike
 81667 | Depths:4 | HP: 6/227 [acid (10)]
 81668 | Depths:4 | Demolished by a caustic shrike

Illustrated notes

Levels and vault maps discovered:
D:1:      minmay_arrival_radiant_lines, layout_loops_corners, serial_shops,
          shop, hellmonk_ecumenical_altar_zigzags, serial_forest,
          infiniplex_forest_zigzag_1, infiniplex_forest_end_3,
          infiniplex_forest_straight_1, infiniplex_forest_lined_3_way,
          infiniplex_forest_lined_ring, infiniplex_forest_corner_2
D:2:      layout_basic, minmay_fountain_box, minmay_heptomino_w4, uniq_natasha,
          uniq_crazy_yiuf_cottage, uniq_sigmund
D:3:      layout_basic, serial_shops, nicolae_diamond_shop
D:4:      layout_basic, mainiacjoe_overflow_chevrons,
          nicolae_overflow_crystal_walls, serial_shops, nicolae_shop_trees
D:5:      layout_cave_pods, uniq_menkaure, uniq_duvessa
D:6:      layout_cave_pools, mainiacjoe_overflow_concentric_impassable,
          temple_doors_cd, serial_shops, shop, serial_bayou_lagoon_b
D:7:      layout_rooms, grunt_temple_overflow_open,
          gammafunk_temple_overflow_elements, gammafunk_ghost_necromancy,
          st_stairs_6
D:8:      layout_basic, hangedman_abyss_or_decor_passed
D:9:      minmay_angry_zag, layout_basic, erik_lair_island, orc_0_dummy,
          uniq_erica, uniq_amaemon
D:10:     layout_basic, mainiacjoe_overflow_brackets,
          mainiacjoe_overflow_tiny_flanked
D:11:     layout_stronghold, columned_hall_lemuel
D:12:     layout_long_grid, uniq_fannar, uniq_kirke, uniq_maurice
D:13:     layout_roguey [special_room_orc], serial_shops, shop,
          serial_corexii_hall, corexii_hall_statues_deadend,
          chequers_hall_statues_wall_a, abandoned_shop, nrook_pool_corridor
D:14:     layout_big_octagon, david_vaults_2, minmay_misc_feat_encased,
          uniq_rupert
D:15:     hangedman_depths_entry_try_elsewhere_first, layout_loops_ring,
          elyvilon_altar_3
Lair:1:   layout_hall_layers, serial_forest, infiniplex_forest_lined_1,
          infiniplex_forest_straight_2, infiniplex_forest_clump_small,
          infiniplex_forest_clump_small, infiniplex_forest_lined_room_,
          infiniplex_forest_straight_1, infiniplex_forest_straight_2,
          infiniplex_forest_end_2, infiniplex_staircase_pool_2,
          serial_bayou_shore_b, grunt_megastairs_4, uniq_gastronok
Lair:2:   layout_long_grid, nicolae_spider_entry_tight_spaces
Lair:3:   layout_concentric_octagons, minmay_swamp_entry_eels,
          lemuel_fruit_fields
Lair:4:   layout_roguey, beast_lair_carwin_3
Lair:5:   minmay_lair_venomous_thicket, layout_cave_pods,
          nicolae_slime_entry_slimehenge, nzn_ghost_randoct, basic_altar,
          serial_rivers, chequers_serial_rivers_micro_b,
          chequers_serial_rivers_marsh, chequers_serial_rivers_small_b,
          chequers_serial_rivers_room_a, chequers_serial_rivers_marsh,
          minivault_19
Lair:6:   evilmike_catoblepas_cave, layout_cave_pods
Swamp:1:  layout_falls_marsh, nicolae_swamp_treefoil, swamp_pool1, uniq_frances,
          uniq_josephine, uniq_roxanne
Swamp:2:  layout_basic_swamp, nicolae_swamp_big_swirl,
          statue_in_the_mist_lemuel, swamp_pool1, nicolae_swamp_snake_nest
Swamp:3:  layout_basic_swamp, evilmike_swamp_ruin_rubble_1, uniq_jorgrun,
          uniq_aizul
Swamp:4:  swamp, layout_basic_swamp, uniq_donald
Spider:1: layout_spider_delve
Spider:2: layout_spider_delve, uniq_agnes
Spider:3: layout_cave_pods, uniq_asterion
Spider:4: guppyfry_spider_rune, hellmonk_test_site
Orc:1:    layout_caves
Orc:2:    pf_orc_diabolical, layout_caves
Elf:1:    layout_onion_city, portal_desolation_entry_salt,
          gammafunk_ghost_tricky_traps, minmay_elf_crystal_hexagon
Elf:2:    elven_hall_of_blades_hangedman_original
          [infiniplex_blade_entry_pillars], layout_geoelf_octagon
Elf:3:    elf_hall_gauntlet_narrow, layout_onion_city
Vaults:1: hangedman_vaults_stagger, v_misc_17, ontoclasm_vaults_ligature,
          grunt_vaults_focal, vaults_room_fours, vaults_mumra_hexcomb,
          v_alt_pattern_4, vaults_dpeg_encased_lava, vaults_room_boxed,
          ontoclasm_vaults_spin, vaults_dpeg_ring, v_rooms_1,
          nicolae_vaults_circle_grid_b, vaults_room_door_ring,
          layout_vaults_maze
Vaults:2: v_misc_17, ontoclasm_vaults_fault, grunt_vaults_funnel,
          nicolae_vaults_network_quincunx
          [nicolae_vaults_network_quincunx_subvault,
          nicolae_vaults_network_quincunx_subvault,
          nicolae_vaults_network_quincunx_subvault,
          nicolae_vaults_network_quincunx_subvault,
          nicolae_vaults_network_quincunx_subvault], v_misc_5,
          vaults_dpeg_doors, nicolae_vaults_little_squares_2,
          nicolae_vaults_statue_guard, vaults_room_pools, layout_vaults_omnigrid
Vaults:3: gammafunk_ghost_split, v_misc_9, v_misc_19, vaults_dpeg_spiral,
          grunt_vaults_swirl, vaults_room_large_hall,
          minmay_crypt_entry_simple_plaza, hangedman_vaults_pinch,
          vaults_dpeg_diagonal, serial_ice_b, hangedman_vaults_cutoff,
          layout_vaults_big_room
Vaults:4: gammafunk_ghost_crypt, hangedman_vaults_nodes,
          nicolae_vaults_network_s, nicolae_vaults_network_square,
          nicolae_vaults_little_ls, ontoclasm_vaults_bender,
          nicolae_vaults_big_angled_halls, v_misc_14, nicolae_vaults_triangles,
          hangedman_vaults_slice, v_misc_2, v_misc_8,
          nicolae_vaults_branching_niches, nicolae_vaults_rhombus_5,
          vaults_room_grid, layout_vaults_omnibox, serial_shops, shop_statue
Crypt:1:  layout_gridlike
Crypt:2:  layout_rooms, basic_altar, serial_glass, glass_columns_b,
          glass_columns_a, uniq_frederick, uniq_margery
Crypt:3:  evilmike_haunted_forest
Depths:1: layout_roguey [special_room_morgue], fedhas_altar_3,
          nicolae_hell_entry_hellmouth_sunbeams, corexii_hall_statues_l,
          kennysheep_underground_church
Depths:2: cheibrodos_salmonella, layout_cave_pools, rand_demon_pan_entry_1,
          abyss_entry, grunt_hell_entry_dis_old, kennysheep_generic_room_14
Depths:3: minmay_diamond_stairs, layout_gridville, hellmouth_1,
          minmay_misc_feat_pillars, abyss_entry, xom_teletrap_fun,
          infiniplex_staircase_zigzag_2, uniq_sojobo
Depths:4: grunt_zot_entry_hairpin, layout_cave_pools, enter_ziggurat_b,
          hell_entry, minmay_misc_feat_iff

Skill      XL: |  1  2  3  4  5  6  7  8  9 10 11 12 13 14 15 16 17 18 19 20 21 22 23 |
---------------+----------------------------------------------------------------------+-----
Ice Magic      | 4 6 8 9 11 14 16 18 19 20 22 23 | 23.0
Spellcasting   | 3 4 7 9 10 13 14 15 16 | 16.0
Armour         | 2 4 8 10 11 18 | 18.0
Fighting       | 3 8 11 13 | 13.0
Dodging        | 4 9 10 | 10.3
Conjurations   | 1 7 9 11 | 11.4
Maces & Flails | 6 11 | 11.0
Earth Magic    | 6 8 11 | 11.0
Shields        | 10 | 10.0
Necromancy     | 4 |  4.1
Stealth        | |  1.7

Action                   |  1- 3 |  4- 6 |  7- 9 | 10-12 | 13-15 | 16-18 | 19-21 | 22-24 || total
-------------------------+-------+-------+-------+-------+-------+-------+-------+-------++-------
Melee: Unarmed           |     5 |       |       |       |       |       |       |       ||     5
       Short sword       |    39 |    33 |   121 |    94 |       |       |       |       ||   287
       Dagger            |     3 |       |       |       |       |       |       |       ||     3
       Rapier            |       |    44 |       |       |       |       |       |       ||    44
       Touch             |       |    15 |    31 |    23 |    16 |    25 |       |       ||   110
       Punch             |       |       |     2 |       |       |     2 |       |       ||     4
       Staff             |       |       |       |    16 |    65 |       |     4 |       ||    85
       Eveningstar       |       |       |       |       |    24 |   312 |   773 |   285 ||  1394
 Cast: Freeze            |    50 |    19 |     2 |    16 |     5 |     5 |       |       ||    97
       Frozen Ramparts   |       |     6 |     9 |    32 |    25 |    33 |    41 |    12 ||   158
       Ozocubu's Armour  |       |       |     2 |    20 |    18 |    31 |    46 |    10 ||   127
       Hailstorm         |       |       |       |    32 |       |     3 |     9 |       ||    44
       Stone Arrow       |       |       |       |    35 |   116 |    90 |    99 |   102 ||   442
       Ozocubu's Refrige |       |       |       |    44 |   217 |   243 |   150 |    89 ||   743
       Freezing Cloud    |       |       |       |       |     9 |    27 |    15 |    23 ||    74
       Iron Shot         |       |       |       |       |       |       |   117 |    97 ||   214
       Borgnjor's Vile C |       |       |       |       |       |       |     2 |     6 ||     8
       Polar Vortex      |       |       |       |       |       |       |     2 |     1 ||     3
Evoke: Wand              |       |       |       |     3 |     2 |     4 |     1 |     3 ||    13
  Use: Potion            |       |       |       |       |     2 |       |     1 |       ||     3
       Scroll            |       |       |       |       |    21 |     4 |     6 |     1 ||    32
 Stab: Sleeping          |     3 |       |     3 |     1 |       |       |     1 |       ||     8
       Distracted        |       |       |     1 |       |       |     3 |     8 |     4 ||    16
Armor: Robe              |     9 |       |       |       |       |       |       |       ||     9
       Leather armour    |     9 |    30 |    22 |     9 |       |       |       |       ||    70
       Acid dragon scale |       |       |       |     9 |       |       |       |       ||     9
       Ring mail         |       |       |       |    22 |    58 |    13 |       |       ||    93
       Scale mail        |       |       |       |       |       |   140 |   251 |       ||   391
       Fire dragon scale |       |       |       |       |       |       |    18 |   158 ||   176
Dodge: Dodged            |    49 |    85 |    90 |   185 |   201 |   331 |   441 |   131 ||  1513
       Repelled          |       |       |       |       |       |       |    13 |     8 ||    21
Block: Kite shield       |       |       |       |       |       |   187 |   648 |   175 ||  1010
       Reflection        |       |       |       |       |       |    12 |    15 |       ||    27

Table legend: (Time is in decaauts)
 A = Elapsed time spent in this place.
 B = Non-inter-level travel time spent in this place.
 C = Inter-level travel time spent in this place.
 D = Time resting spent in this place.
 E = Time spent auto-exploring this place.
 F = Levels seen in this place.
 G = Mean time per level.
                   A        B        C        D        E       F      G
               +--------+--------+--------+--------+--------+-----+--------+
         Total |  82274 |  75608 |   6666 |   6665 |  58137 |  46 | 1788.6 |
       Dungeon |  23765 |  20188 |   3577 |   2054 |  14969 |  15 | 1584.3 |
          Lair |   9649 |   8787 |    862 |    453 |   7627 |   6 | 1608.2 |
         Swamp |   6794 |   6563 |    231 |   1399 |   4441 |   4 | 1698.5 |
   Spider Nest |   6978 |   6543 |    435 |    397 |   4981 |   4 | 1744.5 |
  Orcish Mines |   3245 |   3030 |    215 |    203 |   2352 |   2 | 1622.5 |
   Elven Halls |   6424 |   6044 |    380 |     67 |   5010 |   3 | 2141.3 |
        Vaults |   9983 |   9441 |    542 |    175 |   8204 |   4 | 2495.8 |
         Crypt |   8459 |   8159 |    300 |   1515 |   5393 |   3 | 2819.7 |
        Depths |   5281 |   5161 |    120 |    106 |   4131 |   4 | 1320.2 |
    Desolation |   1693 |   1693 |      0 |    296 |   1027 |   1 | 1693.0 |
               +--------+--------+--------+--------+--------+-----+--------+

Top non-repeatable levels by time:
 Crypt:3: 4397 daAuts
 Crypt:1: 3324 daAuts
 Swamp:3: 3272 daAuts
     D:9: 2810 daAuts
    D:13: 2624 daAuts
Vaults:1: 2622 daAuts
   Elf:2: 2511 daAuts
Vaults:4: 2506 daAuts
    D:12: 2505 daAuts
Vaults:2: 2485 daAuts
   Orc:2: 2469 daAuts
Spider:4: 2432 daAuts
Vaults:3: 2368 daAuts
Depths:1: 2310 daAuts
   Elf:3: 2083 daAuts
